 Dungeon Crawl Stone Soup version 0.24-a0-458-gfcb5e6da0e (webtiles) character file.

Game seed: 13724027923254582699

109 Mithandil the Magician (level 4, 24/24 HPs)
             Began as a Deep Elf Wizard on June 27, 2019.
             Quit the game on level 2 of the Dungeon.
             The game lasted 00:32:45 (1552 turns).

Mithandil the Magician (Deep Elf Wizard)            Turns: 1552, Time: 00:32:46

Health: 24/24      AC:  3    Str:  4    XL:     4   Next: 60%
Magic:  13/13      EV: 13    Int: 24    God:
Gold:   92         SH:  0    Dex: 13    Spells: 4/13 levels left

rFire    . . .     SeeInvis .   a - +0 dagger
rCold    . . .     Gourm    .   (no shield)
rNeg     . . .     Faith    .   c - +0 robe
rPois    .         Spirit   .   b - +0 hat
rElec    .         Reflect  .   g - +0 cloak
rCorr    .         Harm     .   (no gloves)
MR       .....                  (no boots)
Stlth    ++........             (no amulet)
HPRegen  0.08/turn              (no ring)
MPRegen  0.13/turn              (no ring)

@: no status effects
A: no striking features
a: no special abilities


You were on level 2 of the Dungeon.
You were not hungry.

You visited 1 branch of the dungeon, and saw 3 of its levels.

You collected 92 gold pieces.

Inventory:

Hand Weapons
 a - a +0 dagger (weapon)
 m - a +0 short sword
 s - a +2 dagger of venom
Missiles
 e - 16 arrows
 i - 44 stones
 p - 4 boomerangs (quivered)
Armour
 b - a +0 hat (worn)
 c - a +0 robe (worn)
 g - a +0 cloak (worn)
 l - a +1 hat
Jewellery
 j - a +3 ring of evasion {unknown}
Scrolls
 f - 2 scrolls of teleportation
Potions
 h - a potion of ambrosia {unknown}
 k - 2 potions of curing
 n - a potion of mutation {unknown}
 o - a potion of resistance {unknown}
 t - 3 potions of brilliance {unknown}
Comestibles
 d - 3 rations


   Skills:
 + Level 3.5 Dodging
 + Level 3.7 Stealth
 + Level 5.2 Spellcasting
 + Level 2.5 Conjurations
 + Level 1.2 Summonings
   Level 1.1 Translocations
 + Level 0.2 Fire Magic
 + Level 0.0 Poison Magic


You had 4 spell levels left.
You knew the following spells:

 Your Spells              Type           Power        Failure   Level  Hunger
a - Magic Dart            Conj           ###.         3%          1    None
b - Conjure Flame         Conj/Fire      ##......     14%         3    ##.....
c - Call Imp              Summ           ##......     8%          2    None
d - Mephitic Cloud        Conj/Pois/Air  ##......     19%         3    ##.....

Your spell library contained the following spells:

 Spells                   Type           Power        Failure   Level  Hunger
 Blink                    Tloc           N/A          9%          2    None
 Slow                     Hex            #.......     13%         2    None


Dungeon Overview and Level Annotations

Branches:
Dungeon (3/15)

Altars:


Message History

Confirm with . or Enter, or press ? or * to list all spells.
Aiming: Magic Dart (safe; 3% risk of failure)
Press: ? - help, Shift-Dir - straight line, f/p - goblin
Aim: a goblin, wielding a +0 dagger (moderately wounded)
The magic dart hits the goblin.
The goblin is severely wounded.
The goblin hits you but does no damage.
Casting: Magic Dart (safe; 3% risk of failure)
Confirm with . or Enter, or press ? or * to list all spells.
Aiming: Magic Dart (safe; 3% risk of failure)
Press: ? - help, Shift-Dir - straight line, f/p - goblin
Aim: a goblin, wielding a +0 dagger (severely wounded)
The magic dart hits the goblin.
You kill the goblin!
Things that are here:
a +0 dagger; a goblin corpse Done exploring.
You start resting.
Magic restored.
Are you sure you want to abandon this character and quit the game? (Confirm with "yes".)

...# #......##.#
#####.##### ...#
#.......#.# #..........
÷..## #....)#.#.#
#....###.#. ....#
#.....#.#.# #......#.#.
....# #.....#.#.#
##....#.###. ....#
#.....#...# #.....#.....
....# #.....##..#
#.....###### ....##
#.....##..# #.#####
.....##########.@#####.#
.....#......# #.>......#
####.#......############
#.'......'....#
###......####.# #......#
#.#
###########.#########
######..†..........#
#......###.........#


There were no monsters in sight!

Vanquished Creatures
  3 gnolls (D:2)
  4 adders (D:2)
  A worm (D:2)
  2 leopard geckos
  2 orcs (D:3)
  4 bats
  A giant cockroach (D:1)
  5 hobgoblins
  4 kobolds
  A quokka (D:2)
  A frilled lizard (D:2)
  5 goblins
  7 rats
40 creatures vanquished.

Notes
Turn   | Place    | Note
-------+----------+-------------------------------------------
     0 | D:1      | Mithandil the Deep Elf Wizard began the quest for the Orb.
     0 | D:1      | Reached XP level 1. HP: 10/10 MP: 7/7
   383 | D:1      | Reached XP level 2. HP: 9/15 MP: 6/9
   741 | D:2      | Reached XP level 3. HP: 16/19 MP: 4/11
   836 | D:2      | Reached skill level 5 in Spellcasting
   955 | D:2      | Reached XP level 4. HP: 18/24 MP: 0/13
  1072 | D:2      | Learned a level 3 spell: Conjure Flame
  1075 | D:2      | Learned a level 2 spell: Call Imp
  1079 | D:2      | Learned a level 3 spell: Mephitic Cloud
  1552 | D:2      | Quit the game

Levels and vault maps discovered:
D:1:      mainiacjoe_arrival_reflecting_pool, layout_rooms,
          minmay_indecisive_spiral
D:2:      layout_basic
D:3:      kennysheep_goblin_castle, layout_rooms, first_ration

Skill      XL: |  1  2  3 |
---------------+----------+-----
Dodging        | 3 |  3.5
Stealth        | 3 |  3.7
Conjurations   | 2 |  2.5
Spellcasting   | 5 |  5.2
Summonings     | |  1.2
Translocations | |  1.1
Fire Magic     | |  0.2

Action                   |  1- 3 |  4- 6 || total
-------------------------+-------+-------++-------
Melee: Dagger            |     5 |     1 ||     6
Throw: Stone             |       |     7 ||     7
 Cast: Magic Dart        |    71 |    45 ||   116
       Conjure Flame     |       |     2 ||     2
       Mephitic Cloud    |       |     1 ||     1
  Use: Scroll            |     5 |     1 ||     6
  Eat: Ration            |       |     1 ||     1
Armor: Robe              |     3 |     6 ||     9
Dodge: Dodged            |    16 |    12 ||    28

Table legend:
 A = Non-vault XP
 B = Vault XP
 C = Vault XP percentage of total XP
 D = Non-vault monster count
 E = Vault monster count
 F = Vault count percentage of total count
                 A         B        C        D         E       F
            +---------+---------+-------+---------+---------+-------
      Total |     151 |       6 |   3.8 |      36 |       4 |  10.0
            +---------+---------+-------+---------+---------+-------
        D:1 |      17 |       6 |  26.1 |      11 |       4 |  26.7
        D:2 |     128 |       0 |   0.0 |      23 |       0 |   0.0
        D:3 |       6 |       0 |   0.0 |       2 |       0 |   0.0
            +---------+---------+-------+---------+---------+-------
